 Dungeon Sprint DCSS version 0.17-a0-1954-g0dddeaa (webtiles) character file.

231 kosy22 the Skirmisher (level 5, -8/59 HPs)
             Began as a Troll Fighter on Oct 4, 2015.
             Was a High Priest of Jiyva.
             Killed by drain life
             ... invoked by a soul eater
             ... summoned by a kobold demonologist
              (12 damage)
             ... in the Dungeon (Sprint IX: "|||||||||||||||||||||||||||||").
             The game lasted 00:02:34 (279 turns).

kosy22 the Skirmisher (Troll Fighter)                Turns: 279, Time: 00:02:34

Health: -8/59      AC:  9    Str: 25    XL:     5   Next: 73%
Magic:  1/4        EV: 12    Int:  7    God:    Jiyva [*****.]
Gold:   0          SH:  0    Dex: 13    Spells: 0 memorised, 4 levels left

rFire  + + +     SeeInvis .     o - +2 halberd "Xyuvigao" {chop, *Confuse rF+++ MR+ Dex+4}
rCold  . . .     Clarity  .     a - +0 robe
rNeg   . . .     SustAt   .     (no shield)
rPois  .         Gourm    +     (helmet restricted)
rElec  .         Spirit   .     p - +0 cloak
rCorr  +         Warding  .     (gloves unavailable)
rMut   .         NoTele   +     (boots unavailable)
MR     ++...                    (no amulet)
Stlth  +.........               r - +3 ring of intelligence
                                q - +2 ring of protection

@: drained, very resistant to hostile enchantments, very unstealthy
A: unfitting armour, claws 3, fast metabolism 3, gourmand, magic resistance 1,
mutation resistance 1, regeneration 2, shaggy fur 1, tough skin 2, gelatinous
body 1
a: Request Jelly, Jelly Paralyse, Slimify, Cure Bad Mutation, Renounce Religion


You were in the Dungeon.
You worshipped Jiyva.
Jiyva was extremely pleased with you.
You were not hungry.

You visited 1 branch

Inventory:

Hand weapons
 o - the +2 halberd "Xyuvigao" (weapon) {chop, *Confuse rF+++ MR+ Dex+4}
   (You found it in the Dungeon)

   It inflicts extra damage upon your enemies.
   It affects your dexterity (+4).
   It renders you almost immune to fire.
   It affects your resistance to hostile enchantments.
   It may confuse you when you take damage.
Armour
 a - a +0 robe (worn)
 b - a +0 shield
 p - a +0 cloak (worn)
Jewellery
 q - a +2 ring of protection (left claw)
 r - a +3 ring of intelligence (right claw)
Magical devices
 n - a wand of fire (7)
Scrolls
 j - 2 scrolls of blinking
 l - 3 scrolls of remove curse
 m - 2 scrolls of amnesia
Potions
 c - a potion of might
 e - 5 potions of curing
 f - a potion of invisibility
 g - a potion of haste
 h - 4 potions of magic
 i - a potion of berserk rage
 k - 2 potions of heal wounds
Comestibles
 d - 2 bread rations


   Skills:
 + Level 6.1(5.6) Fighting
 + Level 0.7(0.3) Polearms
 + Level 6.0(5.5) Dodging
 + Level 5.4(4.9) Shields
 + Level 4.7(4.3) Unarmed Combat


You had 4 spell levels left.
You didn't know any spells.

Dungeon Overview and Level Annotations

Branches:
Dungeon (1/1)

Altars:
Cheibriados
Dithmenos
Elyvilon
Fedhas
Gozag
Kikubaaqudgha
Makhleb
Nemelex Xobeh
Okawaru
Qazlal
Ru
Sif Muna
Trog
Vehumet
Xom
Yredelemnul
Zin
The Shining One
Beogh
Jiyva
Lugonu


Innate Abilities, Weirdness & Mutations

You are too large for most types of armour.
You have claws for hands.
Your metabolism is lightning-fast.
You like to eat raw meat.
You heal very quickly.
You are covered in fur (AC +1).
You have very tough skin (AC +2).
You are resistant to hostile enchantments.
You are somewhat resistant to further mutation.
Your rubbery body absorbs attacks (AC +1).


Message History

The soul eater hits you!
You closely miss the soul eater.
The soul eater draws from the surrounding life force!
The ooze is almost dead.
The soul eater misses you.
You hit the soul eater but do no damage.
The soul eater hits you.
The kobold demonologist looks braver for a moment.
You slash the soul eater!
The soul eater is lightly wounded.
The soul eater hits you!!
* * * LOW HITPOINT WARNING * * *
You feel drained.
* * * LOW HITPOINT WARNING * * *
The soul eater draws from the surrounding life force!
* * * LOW HITPOINT WARNING * * *
The ooze dies!
The soul eater is healed.
The soul eater draws from the surrounding life force!
You die... ▓▓▓▓▓▓▓▓▓▓▓▓▓▓▓▓▓▓▓▓▓▓▓▓▓▓ _'.........)....@.3Z5.KhZ+ ▓▓▓▓▓▓▓▓▓▓▓▓▓▓▓▓▓▓▓▓▓▓▓▓▓▓

You could see a soul eater, a kobold demonologist, a hound, a shadow imp and an adder skeleton.

Vanquished Creatures
  An ogre (D)
  A giant frog (D)
  2 hounds (D)
  2 adders (D)
  A shadow imp (D)
  An ooze (D)
  2 orcs (D)
  A bat skeleton (D)
  A goblin (D)
  2 kobolds (D)
  A quokka (D)
  A ball python (D)
  A giant newt (D)
17 creatures vanquished.

Vanquished Creatures (others)
  An ooze (D)
1 creature vanquished.

Grand Total: 18 creatures vanquished

Notes
Turn   | Place    | Note
--------------------------------------------------------------
     0 | D        | kosy22 the Troll Fighter began the quest for the Orb.
     0 | D        | Reached XP level 1. HP: 22/22 MP: 0/0
    15 | D        | Reached skill level 3 in Fighting
    15 | D        | Reached XP level 2. HP: 28/31 MP: 1/1
    24 | D        | Noticed an ogre
    39 | D        | Reached XP level 3. HP: 25/39 MP: 2/2
    44 | D        | Killed an ogre
    44 | D        | Reached skill level 5 in Fighting
    44 | D        | Reached XP level 4. HP: 40/50 MP: 3/3
    89 | D        | Found a glowing silver altar of Zin.
    89 | D        | Found a glowing golden altar of the Shining One.
    89 | D        | Found an ancient bone altar of Kikubaaqudgha.
    89 | D        | Found a basalt altar of Yredelemnul.
    89 | D        | Found a shimmering altar of Xom.
    89 | D        | Found a radiant altar of Vehumet.
    90 | D        | Found an iron altar of Okawaru.
    91 | D        | Found a burning altar of Makhleb.
    92 | D        | Found a deep blue altar of Sif Muna.
    93 | D        | Found a bloodstained altar of Trog.
    94 | D        | Found a sparkling altar of Nemelex Xobeh.
    95 | D        | Found a white marble altar of Elyvilon.
    96 | D        | Found a roughly hewn altar of Beogh.
    97 | D        | Found a viscous altar of Jiyva.
    98 | D        | Found a corrupted altar of Lugonu.
    99 | D        | Found a blossoming altar of Fedhas.
   100 | D        | Found a snail-covered altar of Cheibriados.
   101 | D        | Found a shadowy altar of Dithmenos.
   102 | D        | Found a stormy altar of Qazlal.
   103 | D        | Found an opulent altar of Gozag.
   104 | D        | Found a sacrificial altar of Ru.
   107 | D        | Became a worshipper of Jiyva Jaceiv the Shapeless
   124 | D        | Got the +2 halberd "Xyuvigao" {chop, *Confuse rF+++ MR+ Dex+4}
   142 | D        | Acquired Jiyva's first power
   148 | D        | Acquired Jiyva's second power
   153 | D        | Gained mutation: You are somewhat resistant to further mutation. [Jiyva's grace]
   153 | D        | Acquired Jiyva's third power
   153 | D        | Gained mutation: You are somewhat resistant to both further mutation and mutation removal. [Jiyva's grace]
   153 | D        | Lost mutation: You are somewhat resistant to both further mutation and mutation removal. [Jiyva's grace]
   153 | D        | Acquired Jiyva's fourth power
   153 | D        | Gained mutation: Your rubbery body absorbs attacks (AC +1). [Jiyva's grace]
   153 | D        | Gained mutation: You are resistant to hostile enchantments. [Jiyva's grace]
   172 | D        | Noticed a hound
   172 | D        | Noticed a hound
   172 | D        | Noticed a giant frog
   176 | D        | Killed a hound
   176 | D        | Reached skill level 5 in Dodging
   176 | D        | Reached XP level 5. HP: 57/57 MP: 4/4
   192 | D        | Killed a hound
   192 | D        | Reached skill level 5 in Shields
   203 | D        | Killed a giant frog
   203 | D        | Reached skill level 6 in Fighting
   267 | D        | Noticed a worker ant
   267 | D        | Noticed a kobold demonologist
   267 | D        | Noticed a hound
   270 | D        | Slimified a worker ant
   270 | D        | a worker ant changed into an ooze
   273 | D        | Noticed a soul eater
   279 | D        | Killed from afar by a soul eater

Vault maps used:
D:        linesprint

Action                   |  1- 3 |  4- 6 || total
-------------------------+-------+-------++-------
Melee: Unarmed           |    29 |     1 ||    30
       Halberd           |       |    44 ||    44
Invok: Slimify           |       |     1 ||     1
  Use: Potion            |     1 |       ||     1
